 Dungeon Crawl Stone Soup version 0.28.0-53-g5a82cb258f (webtiles) character file.

Game seed: 2719161357305534373

44 ZappyNine the Skirmisher (level 3, -3/42 HPs)
             Began as an Ogre Fighter on May 28, 2022.
             Killed by nerve-wracking pain
             ... invoked by Jessica
              (4 damage)
             ... on level 2 of the Dungeon.
             The game lasted 00:01:24 (1470 turns).

ZappyNine the Skirmisher (Ogre Fighter)             Turns: 1470, Time: 00:01:25

Health: -3/42      AC:  3    Str: 20    XL:     3   Next: 60%
Magic:  3/3        EV:  8    Int:  9    God:
Gold:   88         SH:  7    Dex: 10    Spells: 2/2 levels left

rFire   + . .      SeeInvis .   a - +0 flail
rCold   + . .      Faith    .   c - +0 kite shield
rNeg    . . .      Spirit   .   b - +0 robe
rPois   +          Reflect  .   (helmet restricted)
rElec   +          Harm     .   (no cloak)
rCorr   +          Rampage  .   (gloves unavailable)
Will    .....      Clarity  +   (boots unavailable)
Stlth   +.........              (no amulet)
HPRegen 0.14/turn               (no ring)
MPRegen 0.08/turn               (no ring)

@: resistant
A: large, unfitting armour, tough skin 1, talons 1, clarity, wild magic 1
a: no special abilities


You were on level 2 of the Dungeon.
You visited 1 branch of the dungeon, and saw 2 of its levels.

You collected 88 gold pieces.

Inventory:

Hand Weapons
 a - a +0 flail (weapon)
Armour
 b - a +0 robe (worn)
 c - a +0 kite shield (worn)
Scrolls
 e - a scroll of identify {unknown}
 g - a scroll of blinking {unknown}
 h - a scroll of holy word {unknown}


   Skills:
 + Level 5.1 Fighting
 + Level 2.7 Maces & Flails
 - Level 2.6 Dodging
 - Level 2.6 Shields


You had 2 spell levels left.
You didn't know any spells.
Your spell library was empty.

Dungeon Overview and Level Annotations

Branches:
Dungeon (2/15)

Altars:

Shops:
D:2 *

Annotations:
D:2 Jessica


Innate Abilities, Weirdness & Mutations

You are too large for most types of armour.
You have tough skin. (AC +1)
You have sharp toenails.
You possess an exceptional clarity of mind.
Your spells are a little harder to cast, but a little more powerful.


Message History

The adder is heavily wounded.
You feel sick. You block the adder's attack. Jessica closely misses you.
You block the adder's attack. Jessica closely misses you.
Unknown command.
You barely miss the adder.
The adder is heavily wounded.
You feel sick. The adder bites you.
* * * LOW HITPOINT WARNING * * *
Jessica hits you with a +0 club.
* * * LOW HITPOINT WARNING * * *
Unknown command.
You hit the adder.
You kill the adder!
You feel sick. Jessica hits you with a +0 club.
* * * LOW HITPOINT WARNING * * *
Jessica closely misses you.
Unknown command.
Unknown command.
You feel sick.
Jessica mumbles some strange words.
Jessica blinks!
Jessica gestures at you while chanting. Pain shoots through your body!
* * * LOW HITPOINT WARNING * * *
You see here an adder corpse.
It was a potion of resistance.
You feel protected.
You feel sick.
Unknown command.
It was a potion of mutation.
You feel extremely strange.
You feel less in control of your magic.
Your toenails lengthen and sharpen.
Your thoughts seem clearer.
You feel sick.
You are no longer poisoned.
Jessica gestures at you while chanting. Pain shoots through your body!
* * * LOW HITPOINT WARNING * * *
Jessica points at you and mumbles some strange words.
Pain shoots through your body!
You die...

.........#....#######
.........##...#.....##..
................[....#..
........###.............
.........##)........>...
#.###...>###..........#
#.##..................#.
#.##...........†.@......
#.##............@.......
#>##..................#.
#.##..................#
#.##....................
#.##..........?.........
#.##........##........#.
#.# #.#... ...........
#.# ###.##.......... #.#
#.###. .# #


You could see Jessica (fast).

Vanquished Creatures
  An adder (D:2)
  A worm (D:2)
  A dart slug (D:1)
  3 endoplasms
  2 goblins (D:1)
  2 hobgoblins (D:1)
  4 jackals (D:1)
  2 kobolds
  6 ball pythons
  2 bats (D:1)
  A frilled lizard (D:1)
  4 rats (D:1)
29 creatures vanquished.

Notes
Turn   | Place    | Note
-------+----------+-------------------------------------------
     0 | D:1      | ZappyNine the Ogre Fighter began the quest for the Orb.
     0 | D:1      | Reached XP level 1. HP: 24/24 MP: 1/1
    88 | D:1      | Reached XP level 2. HP: 30/33 MP: 2/2
   575 | D:1      | Reached XP level 3. HP: 40/40 MP: 3/3
  1183 | D:2      | Found Loaroa's Assorted Antiques.
  1448 | D:2      | Noticed Jessica
  1454 | D:2      | Reached skill level 5 in Fighting
  1468 | D:2      | HP: 2/42 [poisoned by an adder]
  1469 | D:2      | Gained mutation: Your spells are a little harder to cast,
                  | but a little more powerful. [potion of mutation]
  1469 | D:2      | Gained mutation: You have sharp toenails. [potion of
                  | mutation]
  1469 | D:2      | Gained mutation: You possess an exceptional clarity of
                  | mind. [potion of mutation]
  1470 | D:2      | Killed from afar by Jessica

Illustrated notes

Levels and vault maps discovered:
D:1:      dpeg_arrival_refuge, layout_basic, hangedman_decor_clover_reticule,
          minmay_tetromino_o4
D:2:      layout_rooms, serial_shops, nicolae_shop_overgrown_old_shop,
          uniq_jessica, uniq_sigmund

Skill      XL: |  1  2  3 |
---------------+----------+-----
Maces & Flails | 2 |  2.7
Fighting       | 5 |  5.1
Dodging        | |  2.6
Shields        | |  2.6

Action                   || total
-------------------------++-------
Melee: Flail             ||    78
  Use: Potion            ||     3
Armor: Robe              ||    41
Dodge: Dodged            ||    44
Block: Kite shield       ||    50
